AoeStats
← 文風

Arena

506361112Analyzed
1v1 RM · 19d ago on Sep 13, 2026· 25m 39s· 2 players
Game mode
Random Map
Map size
Tiny (2 player)
Population
200
Speed
Normal
Resources
Standard
Victory
Conquest
Starting age
Dark Age
Ending age
Imperial Age
RankedLock teamsTeams togetherTeam positionsShared explorationLock speedFull tech treeHidden civsTurbo modeCheats
Victory
Defeat
🇨🇴 Turks · Colombia
1472
+14
🇭🇰 Turks · Hong Kong SAR China
1433
-14
文風
7:20 Loom
12:28 Feudal Age
13:39 Double-Bit Axe
13:58 Gold Mining
14:15 Loom
16:33 Castle Age
20:50 Imperial Age
19:29 Padded Archer Armor
19:13 Horse Collar
20:39 Leather Archer Armor
20:40 Bow Saw
SHIOZEN
10:09 Feudal Age
14:33 Castle Age
12:54 Double-Bit Axe
13:34 Horse Collar
13:44 Loom
20:00 Stone Mining
Connection lost

Rejoining the realm…

Still unreachable

The connection could not be restored.

Session expired

The server has moved on; the page needs a fresh start.